 Dungeon Crawl Stone Soup version 0.29.1-2-gbd0b4ee654 (webtiles) character file.

Game seed: 1895320713113755391

120 doritomancer the Chopper (level 5, -4/47 HPs)
             Began as a Hill Orc Fighter on Nov 10, 2022.
             Killed by nerve-wracking pain
             ... invoked by Grinder
              (14 damage)
             ... on level 3 of the Dungeon on Nov 12, 2022.
             The game lasted 00:26:26 (2340 turns).

doritomancer the Chopper (Hill Orc Fighter)         Turns: 2340, Time: 00:26:26

Health: -4/47      AC:  9    Str: 21    XL:     5   Next: 4%
Magic:  5/5        EV: 13    Int: 14    God:
Gold:   221        SH:  4    Dex: 10    Spells: 4/4 levels left

rFire   . . .      SeeInvis .   a - +0 war axe
rCold   . . .      Faith    .   c - +0 buckler
rNeg    . . .      Spirit   .   b - +0 scale mail
rPois   .          Reflect  .   h - +0 helmet
rElec   .          Harm     .   (no cloak)
rCorr   .          Rampage  .   j - +0 pair of gloves
Will    .....                   (no boots)
Stlth   ..........              (no amulet)
HPRegen 0.15/turn               g - +6 ring of intelligence
MPRegen 0.09/turn               r - +4 ring of evasion

@: brilliant, on berserk cooldown, slowed, very slow
A: no striking features
a: no special abilities


You were on level 3 of the Dungeon.
You visited 1 branch of the dungeon, and saw 3 of its levels.

You collected 221 gold pieces.

Inventory:

Hand Weapons
 a - a +0 war axe (weapon)
Armour
 b - a +0 scale mail (worn)
 c - a +0 buckler (worn)
 h - a +0 helmet (worn)
 j - a +0 pair of gloves (worn)
Magical Staves
 o - a staff of cold
Jewellery
 g - a +6 ring of intelligence (left hand)
 r - a +4 ring of evasion (right hand)
Wands
 p - a wand of mindburst (4)
 q - a wand of charming (5)
Scrolls
 l - a scroll of teleportation {unknown}
 m - a scroll of enchant armour {unknown}
Potions
 d - a potion of might
 e - a potion of resistance {unknown}
 i - a potion of heal wounds {unknown}


   Skills:
 + Level 4.7 Fighting
 + Level 5.0 Axes
 + Level 3.8 Armour
 + Level 0.1 Dodging
 + Level 3.6 Shields


You had 4 spell levels left.
You didn't know any spells.
Your spell library contained the following spells:

 Spells                   Type           Power      Damage    Failure   Level
 Frozen Ramparts          Ice            0%         1d1       97%         3
 Ice Form                 Ice/Tmut       0%         N/A       100%        4
 Summon Ice Beast         Ice/Summ       0%         N/A       100%        4


Dungeon Overview and Level Annotations

Branches:
Dungeon (3/15)

Altars:

Annotations:
D:3 Grinder


Message History

Pain shoots through your body!
You slash Grinder!
Grinder is heavily wounded.
You are no longer berserk.
You are exhausted.
You feel yourself slow down. Grinder closely misses you.
You slash Grinder!
Grinder is severely wounded.
Grinder hits you.
You writhe in agony.
Grinder hits you!
You barely miss Grinder.
Grinder is severely wounded.
Grinder blinks!
Grinder gestures at you. Pain shoots through your body!
* * * LOW HITPOINT WARNING * * *
You barely miss Grinder.
Grinder is severely wounded.
Grinder blinks!
Grinder says, "Mostly I couldn't keep them alive."
Grinder hits you but does no damage.
You closely miss Grinder.
Grinder is severely wounded.
Grinder completely misses you. Grinder misses you.
You closely miss Grinder.
Grinder is severely wounded.
Grinder blinks!
Grinder blinks!
Grinder gestures at you.
You barely resist. Grinder gestures at you. You resist with significant effort.
Grinder blinks!
It was a potion of brilliance.
You feel clever all of a sudden.
This is a scroll of acquirement!
Something appears at your feet!
Okay, then.
Grinder gestures at you. Pain shoots through your body!
You die...

###.#.########..
#...##.#...# #
#.#.# #. ####
#.#...### ###.#.#
#. ##.......###
..#.#.# #.
##.........<.
......#
#..###............
..#####
#......#..........
###
######............
#
#.....5...........
#
#@#####.#.##......
# #.# #.#.........
# #.# #.####......
# ###.# #.#
#.##### # #...#
#.# #.# #. . #.###
#.# #.# #. # #.#
#.# # #. #.#
#.####. #.### #.#
#......


You could see Grinder.

Vanquished Creatures
  Jessica (D:3)
  Ijyb (D:3)
  2 adders (D:2)
  A worm (D:2)
  2 dart slugs
  4 ball pythons
  An endoplasm (D:3)
  4 giant cockroaches
  7 goblins
  6 hobgoblins
  4 quokkas
  2 frilled lizards
  2 kobolds
  5 rats
42 creatures vanquished.

Vanquished Creatures (others)
  2 fungi (D:2)
2 creatures vanquished.

Grand Total: 44 creatures vanquished

Notes
Turn   | Place    | Note
-------+----------+-------------------------------------------
     0 | D:1      | doritomancer the Hill Orc Fighter began the quest for the
                  | Orb.
     0 | D:1      | Reached XP level 1. HP: 19/19 MP: 1/1
   114 | D:1      | Reached XP level 2. HP: 8/27 MP: 2/2
   237 | D:1      | Reached skill level 3 in Axes
   631 | D:2      | Reached XP level 3. HP: 20/33 MP: 3/3
   674 | D:2      | Reached skill level 4 in Axes
  1552 | D:3      | Reached XP level 4. HP: 37/40 MP: 4/4
  1589 | D:3      | Noticed Ijyb
  1601 | D:3      | Killed Ijyb
  1909 | D:3      | Noticed Jessica
  1955 | D:3      | Reached skill level 5 in Axes
  1984 | D:3      | Killed Jessica
  1985 | D:3      | Reached XP level 5. HP: 7/47 MP: 5/5
  2307 | D:3      | Noticed Grinder
  2339 | D:3      | Identified a scroll of acquirement
  2339 | D:3      | Acquired the +0 crystal plate armour "Heuzatel" {rF+}
  2340 | D:3      | Killed from afar by Grinder

Illustrated notes

Levels and vault maps discovered:
D:1:      scummos_arrival_forest, layout_basic,
          ebering_ecumenical_altar_abandoned, minivault_24
D:2:      layout_loops_ring, dreamdust_mushroom_princess
D:3:      layout_loops_ring, minmay_misc_feat_roman, corner_web_ring, uniq_ijyb,
          uniq_grinder, uniq_jessica

Skill      XL: |  1  2  3  4 |
---------------+-------------+-----
Axes           | 3 4 5 |  5.0
Fighting       | 4 |  4.7
Armour         | |  3.8
Dodging        | |  0.1
Shields        | |  3.6

Action                   |  1- 3 |  4- 6 || total
-------------------------+-------+-------++-------
Melee: War axe           |   109 |    72 ||   181
Evoke: Wand              |       |     2 ||     2
  Use: Potion            |     1 |     2 ||     3
       Scroll            |     1 |     2 ||     3
Armor: Scale mail        |    52 |    25 ||    77
Dodge: Dodged            |    46 |    34 ||    80
Block: Buckler           |    25 |    15 ||    40
